 Dungeon Crawl Stone Soup version 0.31-a0-319-g4fced400ed (webtiles) character file.

Game seed: 14585405374326214222

5328 kae the Martial Artist (level 10, -1/67 HPs)
             Began as a Red Draconian Shapeshifter on July 18, 2023.
             Was a Believer of Ru.
             Slain by a killer bee (8 damage)
             ... on level 9 of the Dungeon.
             The game lasted 00:06:28 (7974 turns).

kae the Martial Artist (Red Draconian Shapeshifter) Turns: 7974, Time: 00:06:28

Health: -1/67      AC: 11    Str: 17    XL:     10   Next: 38%
Magic:  10/10      EV: 20    Int:  8    God:    Ru [**....]
Gold:   471        SH:  0    Dex: 17    Spells: 9/9 levels left

rFire   + .          .
                       - Unarmed
rCold   . . .        (no shield)
rNeg    . . .        (body armour unavailable)
rPois   .            (helmet restricted)
rElec   .            (no cloak)
rCorr   .            (no gloves)
SInv    .            (no boots)
Will    .....        g - amulet of regeneration Stlth
                     O - +4 ring of protection
HPRegen 1.11/turn    E - +5 ring of evasion
MPRegen 0.12/turn

%: no passive effects
@: lethally poisoned (-1 -> -3), maw-form
A: devouring maw, reduced hp, breathe fire, AC +7, unfitting armour, fire
resistance 1, cold-blooded, no stealth, hated by all
a: Breathe Fire, Begin Untransformation, Renounce Religion


You were on level 9 of the Dungeon.
You worshipped Ru.
Ru was pleased with you.
You were a creature with a mouth for a stomach.
You visited 2 branches of the dungeon, and saw 10 of its levels.

You collected 499 gold pieces.
You spent 28 gold pieces at shops.


Innate Abilities, Weirdness & Mutations

You are a creature with a mouth for a stomach.
Your midsection houses a second, enormous mouth.
Your maximum health is decreased, since you lack skill for your form.
You can breathe blasts of fire.
Your fiery red scales are hard. (AC +7)
You cannot fit into any form of body armour.
Your flesh is heat resistant. (rF+)
You are cold-blooded and may be slowed by cold attacks.
You cannot be stealthy.
You are hated by all.


   Skills:
 + Level 7.8 Fighting
 + Level 6.6 Dodging
 * Level 10.0 Unarmed Combat
 * Level 6.6 Shapeshifting


You had 9 spell levels left.
You didn't know any spells.
Your spell library contained the following spells:

 Spells                   Type           Power      Damage    Failure   Level
 Sting                    Tmut/Pois      0%         1d3       41%         1
 Poisonous Vapours        Pois/Air       0%         N/A       54%         2
 Dazzling Flash           Conj/Hex       0%         N/A       78%         3
 Mephitic Cloud           Conj/Pois/Air  0%         N/A       78%         3
 Olgreb's Toxic Radiance  Pois           0%         N/A       99%         4
 Agony                    Necr           0%         N/A       100%        5
 Freezing Cloud           Conj/Ice/Air   0%         6-21      100%        5
 Silence                  Hex/Air        0%         N/A       100%        5

Inventory:

Hand Weapons
 d - a +0 short sword of venom
   (You took it off a kobold on level 1 of the Dungeon)
Missiles
 c - 62 stones
 y - 4 boomerangs
 B - 3 poisoned darts
Magical Staves
 l - a staff of earth {!a}
   (You found it on level 3 of the Dungeon)
 v - a staff of death {!a}
   (You found it on level 6 of the Dungeon)
Jewellery
 e - a +5 ring of evasion
   (You found it on level 2 of the Dungeon)
 g - an amulet of regeneration (around neck)
   (You found it on level 1 of the Dungeon)
 D - a +6 ring of dexterity
   (You found it on level 1 of the Dungeon)
 E - a +5 ring of evasion (right hand)
   (You found it on level 1 of the Dungeon)
 F - a ring of protection from fire
   (You found it on level 2 of the Dungeon)
 L - a ring of flight
   (You found it on level 2 of the Dungeon)
 O - a +4 ring of protection (left hand)
   (You found it on level 2 of the Dungeon)
Talismans
 b - a beast talisman
 H - a maw talisman
   (You found it on level 8 of the Dungeon)
Wands
 k - a wand of charming (10)
   (You found it on level 2 of the Dungeon)
 n - a wand of flame (26)
   (You took it off Ijyb on level 5 of the Dungeon)
 o - a wand of polymorph (14)
   (You took it off Natasha on level 4 of the Dungeon)
 q - a wand of digging (6)
   (You found it on level 6 of the Dungeon)
 w - a wand of iceblast (8)
   (You found it on level 6 of the Dungeon)
 J - a wand of light (3)
   (You found it on level 8 of the Dungeon)
Scrolls
 t - 2 scrolls of teleportation {@r4}
 u - a scroll of summoning
 A - a scroll of fear
Potions
 a - 4 potions of lignification {!q}
 h - 4 potions of resistance
 i - 2 potions of brilliance
 j - 2 potions of mutation {!q}
 m - 2 potions of haste {@q3}
 p - a potion of might
 r - a potion of curing {@q1}
 s - 3 potions of heal wounds {@q2}
 x - a potion of invisibility
 C - a potion of attraction {!q}
 G - a potion of magic {unknown}
 I - a potion of ambrosia {unknown}

Dungeon Overview and Level Annotations

Branches:
Dungeon (9/15) Zot: 26949  Temple (1/1) D:4 Zot: 5925    Lair (0/5) D:8
    Orc: D:9-12

Altars:
Cheibriados
Gozag
Kikubaaqudgha
Makhleb
Nemelex Xobeh
Okawaru
Ru
Sif Muna
Trog
Uskayaw
Wu Jian
Xom
The Shining One

Shops:
D:1 ?

Annotations:
D:4 3 runed translucent doors, FoCKShaftsOnD1's ghost, novice OpSh; Vorhees's ghost, amateur MfSh
D:6 3 runed translucent doors, NigelTetley's ghost, amateur FoHu

.............#
.............#
.............#
..###.......#
##......#
#......#
##......#
...###..y....#
.......W.....#
.......yh....#
...............
...............
.........##....
........## #...
.......## #..
....... ..


You could see a hound and 2 killer bees.


Message History

😮 HP[-10]
You take 10 damage, and now have 35/67 hp.
You hit the acid dragon but do no damage.
You tail-slap the acid dragon, but do no damage.
You feel sick. The killer bee barely misses you.
The killer bee completely misses you. x2
The acid dragon spits acid at you. The splash of acid misses you.
The splash of acid hits the killer bee!!
The acid corrodes the killer bee!
The killer bee dies!
The hound barely misses you. The killer bee barely misses you.
The killer bee closely misses you.
You hear a bark! x2
Unknown command.
You closely miss the acid dragon.
You feel sick. The killer bee stings you.
* * * LOW HITPOINT WARNING * * *
You are more poisoned.
The killer bee poisons you! The killer bee misses you. The hound misses you.
The acid dragon misses you.
The acid dragon claws you but does no damage. 😨 HP[-6]
You take 6 damage, and now have 29/67 hp.
You punch the acid dragon!
You bite the acid dragon, but do no damage.
You feel very sick. The killer bee closely misses you.
The killer bee completely misses you. The hound misses you.
The killer bee barely misses you. The killer bee stings you.
* * * LOW HITPOINT WARNING * * *
The acid dragon closely misses you. The acid dragon claws you.
* * * LOW HITPOINT WARNING * * *
😨 HP[-4]
You take 4 damage, and now have 25/67 hp.
Unknown command.
You hit the acid dragon but do no damage.
You bite the acid dragon, but do no damage.
You feel sick. The hound misses you. The killer bee closely misses you.
The killer bee barely misses you. The acid dragon bites you.
* * * LOW HITPOINT WARNING * * *
The acid dragon completely misses you. The killer bee stings you.
* * * LOW HITPOINT WARNING * * *
The killer bee misses you. The hound closely misses you. 😱 HP[-9]
You take 9 damage, and now have 16/67 hp.
Unknown command.
You hit the acid dragon but do no damage.
You bite the acid dragon, but do no damage.
You feel sick.
The killer bee misses you. x2; The hound completely misses you. 😱 HP[-2]
You take 2 damage, and now have 14/67 hp.
Unknown command.
You hit the acid dragon.
Your tail-slap misses the acid dragon.
You bite the acid dragon, but do no damage.
You feel sick. The killer bee closely misses you.
The killer bee barely misses you. The acid dragon closely misses you.
The acid dragon claws you.
* * * LOW HITPOINT WARNING * * *
The hound misses you.
The killer bee stings you but does no damage.
The killer bee misses you. 😱 HP[-3]
You take 3 damage, and now have 11/67 hp.
Unknown command.
You hit the acid dragon but do no damage.
Your bite misses the acid dragon.
You feel sick. The killer bee closely misses you. The killer bee misses you.
The hound barely misses you. The acid dragon barely misses you.
The acid dragon completely misses you.
Unknown command.
You barely miss the acid dragon. You bite the acid dragon.
You feel sick. The killer bee stings you.
* * * LOW HITPOINT WARNING * * *
You are more poisoned.
The killer bee poisons you! The killer bee misses you.
The hound closely misses you. The killer bee completely misses you.
The killer bee is stunned by your conviction and fails to attack.
The acid dragon completely misses you. x2 😱 HP[-1]
You take 1 damage, and now have 10/67 hp.
You hit the acid dragon.
You feel sick. The hound barely misses you.
The killer bee completely misses you. The killer bee misses you.
The killer bee is stunned by your conviction and fails to attack.
The acid dragon completely misses you. The acid dragon closely misses you.
The killer bee misses you. The hound misses you. 😱 HP[-1]
You take 1 damage, and now have 9/67 hp.
Unknown command.
You hit the acid dragon but do no damage.
You bite the acid dragon, but do no damage.
You are no longer corroded.
You feel very sick.
The killer bee misses you. x2; The hound barely misses you. 😱 HP[-2]
You take 2 damage, and now have 7/67 hp.
Unknown command.
You punch the acid dragon!
You kill the acid dragon!
You feel sick. The killer bee stings you!
You die...

Skill      XL: |  1  2  3  4  5  6  7  8  9 10 |
---------------+-------------------------------+-----
Dodging        | 2 3 4 5 6 |  6.6
Unarmed Combat | 3 4 5 6 7 9 10 | 10.0
Fighting       | 3 4 6 7 |  7.8
Shapeshifting  | 4 5 6 |  6.6

Action                     |  1- 3 |  4- 6 |  7- 9 | 10-12 || total
---------------------------+-------+-------+-------+-------++-------
  Melee: Short sword       |    77 |    91 |   259 |       ||   427
         Unarmed           |     5 |    13 |     3 |   152 ||   173
         Tailslap          |    13 |    17 |    48 |    18 ||    96
         Punch             |     1 |     1 |    20 |     6 ||    28
         Maw               |       |       |       |    11 ||    11
 Invoke: Sacrifice Stealth |       |     1 |       |       ||     1
         Sacrifice Love    |       |       |     1 |       ||     1
Ability: Breathe Fire      |       |       |     4 |     3 ||     7
    Use: Scroll            |     3 |     6 |     6 |     2 ||    17
   Stab: Sleeping          |     5 |     1 |       |       ||     6
         Distracted        |       |       |       |     1 ||     1
 Armour: Skin              |    16 |    18 |   111 |    35 ||   180
  Dodge: Dodged            |    55 |    68 |   371 |   217 ||   711
   Form: Maw               |       |       |       |     1 ||     1

Levels and vault maps discovered:
D:1:      dpeg_arrival_concentric_ovals, layout_basic, serial_shops, shop,
          minmay_heptomino_o4
D:2:      layout_basic, serial_bayou_ford_a, grunt_ministairs_4
D:3:      layout_loops_corners, shapermc_ecumenical_altar_pompeii
D:4:      layout_basic, minmay_temple_entry_mini_moons, serial_glass,
          glass_columns_a, glass_columns_b, feat_on_display, feat_on_display,
          gammafunk_ghost_cemetery, uniq_natasha, uniq_blork_the_orc
D:5:      layout_layer_cave, nicolae_overflow_crystal_walls,
          kennysheep_generic_room_15, uniq_ijyb, uniq_grinder
D:6:      layout_layer_cave, okawaru_gym_becter, gammafunk_ghost_necromancy,
          minmay_misc_feat_four_crosses
D:7:      layout_basic, mainiacjoe_overflow_divided_tiny
D:8:      layout_basic, minmay_lair_entry_grove, special_room
          [special_room_orc], kennysheep_generic_room_8
D:9:      layout_big_octagon, gammafunk_temple_overflow_arena,
          serial_gnoll_camp, grums_kennel, gnoll_camp_mini_shop,
          gnoll_camp_mini_shop, gnoll_camp_mini_shop
Temple:   hellmonk_temple_beads

Notes
Turn   | Place    | Note
-------+----------+-------------------------------------------
     0 | D:1      | kae the Draconian Shapeshifter began the quest for the Orb.
     0 | D:1      | Reached XP level 1. HP: 17/17 MP: 1/1
     0 | D:1      | magus.rc [v1.11.3]
   186 | D:1      | Reached XP level 2. HP: 23/25 MP: 2/2
   191 | D:1      | Reached skill level 2 in Dodging
   542 | D:1      | Found Dadufab's Magic Scroll Shop.
   554 | D:1      | Bought a scroll of identify for 28 gold pieces
   818 | D:2      | Reached XP level 3. HP: 30/30 MP: 3/3
  1506 | D:2      | You pick up a book of Vapours and begin reading...
  1506 | D:2      | You add the spells Poisonous Vapours, Mephitic Cloud and
                  | Freezing Cloud to your library.
  1675 | D:2      | Reached skill level 3 in Unarmed Combat
  1846 | D:3      | Reached XP level 4. HP: 37/37 MP: 4/4
  1900 | D:3      | Found a faded altar of an unknown god.
  2171 | D:3      | Reached skill level 3 in Fighting
  2739 | D:4      | Found a staircase to the Ecumenical Temple.
  2739 | D:4      | Noticed Natasha
  2749 | D:4      | Killed Natasha
  2755 | Temple   | Entered the Ecumenical Temple
  2792 | Temple   | Became a worshipper of Ru the Awakened
  2856 | D:4      | Noticed Blork the orc
  2865 | D:4      | Killed Blork the orc
  2866 | D:4      | Reached XP level 5. HP: 37/45 MP: 5/5
  2883 | D:4      | Noticed Natasha
  2891 | D:4      | Killed Natasha
  2892 | D:4      | Reached skill level 4 in Unarmed Combat
  2948 | D:4      | Noticed Natasha
  2957 | D:4      | Killed Natasha
  2990 | D:4      | Reached skill level 3 in Dodging
  3054 | D:4      | Found a runed translucent gate.
  3055 | D:4      | Found a runed translucent gate.
  3055 | D:4      | Found a runed translucent gate.
  3059 | D:4      | Noticed FoCKShaftsOnD1's ghost (novice OpSh)
  3059 | D:4      | Noticed Vorhees's ghost (amateur MfSh)
  3089 | D:4      | Reached XP level 6. HP: 51/51 MP: 6/6
  3638 | D:5      | Entered Level 5 of the Dungeon
  3638 | D:5      | Noticed Ijyb
  3651 | D:5      | Killed Ijyb
  3924 | D:5      | Gained mutation: You cannot be stealthy. [Ru sacrifice]
  4136 | D:5      | Noticed Grinder
  4150 | D:5      | Killed Grinder
  4151 | D:5      | Reached skill level 4 in Fighting
  4151 | D:5      | Reached skill level 5 in Unarmed Combat
  4151 | D:5      | Reached skill level 4 in Shapeshifting
  4151 | D:5      | Your scales start taking on a fiery red colour.
  4151 | D:5      | Reached XP level 7. HP: 27/59 MP: 7/7
  4151 | D:5      | Gained mutation: Your flesh is heat resistant. (rF+) [Red
                  | Draconian growth]
  4632 | D:5      | Found a burning altar of Makhleb.
  4995 | D:6      | Found an iron altar of Okawaru.
  5380 | D:6      | HP: 15/60 [poisoned by an orc]
  5384 | D:6      | HP: 6/60 [poisoned by an orc]
  5389 | D:6      | HP: 5/60 [poisoned by an orc]
  5555 | D:6      | Reached skill level 4 in Dodging
  5790 | D:6      | Found a runed translucent gate.
  5790 | D:6      | Found a runed translucent gate.
  5791 | D:6      | Found a runed translucent gate.
  5792 | D:6      | Noticed NigelTetley's ghost (amateur FoHu)
  5991 | D:7      | Reached skill level 6 in Unarmed Combat
  5991 | D:7      | Reached XP level 8. HP: 67/67 MP: 8/8
  6051 | D:7      | Reached skill level 5 in Fighting
  6212 | D:7      | Found a sparkling altar of Nemelex Xobeh.
  6212 | D:7      | Found a hide-covered altar of Uskayaw.
  6351 | D:7      | Reached skill level 5 in Shapeshifting
  6355 | D:7      | Reached skill level 7 in Unarmed Combat
  6743 | D:7      | Gained mutation: You are hated by all. [Ru sacrifice]
  6743 | D:7      | Reached * piety under Ru
  6743 | D:7      | Reached ** piety under Ru
  6796 | D:8      | Reached skill level 6 in Fighting
  6796 | D:8      | Reached skill level 5 in Dodging
  6804 | D:7      | Reached XP level 9. HP: 44/75 MP: 9/9
  6822 | D:7      | Reached skill level 8 in Unarmed Combat
  6951 | D:8      | Noticed a two-headed ogre
  6965 | D:7      | Killed a two-headed ogre
  6966 | D:7      | Reached skill level 7 in Fighting
  6966 | D:7      | Reached skill level 6 in Dodging
  6966 | D:7      | Reached skill level 9 in Unarmed Combat
  6966 | D:7      | Reached skill level 6 in Shapeshifting
  7016 | D:8      | Found a staircase to the Lair.
  7147 | D:8      | Reached XP level 10. HP: 83/86 MP: 10/10
  7761 | D:8      | Reached skill level 10 in Unarmed Combat
  7873 | D:8      | You pick up a book of the Senses and begin reading...
  7873 | D:8      | You add the spells Dazzling Flash, Agony and Silence to
                  | your library.
  7944 | D:9      | You add the spells Sting and Olgreb's Toxic Radiance to
                  | your library.
  7967 | D:9      | HP: 16/67 [killer bee (3)]
  7972 | D:9      | HP: 9/67 [poisoned by a killer bee]
  7974 | D:9      | Slain by a killer bee

Vanquished Creatures
  A two-headed ogre (D:7)
  A hornet (D:8)
  Grinder (D:5)
  A wraith (D:9)
  5 wyverns
  4 yaks
  A basilisk (D:8)
  2 acid dragons
  4 water moccasins
  3 orc warriors
  A sky beast (D:8)
  An ice beast (D:7)
  2 centaurs
  A kobold brigand (D:7)
  Blork the orc (D:4)
  4 bullfrogs
  4 wights (D:8)
  4 killer bees (D:8)
  2 jellies
  3 orc priests
  4 hounds
  Ijyb (D:5)
  Natasha (thrice) (D:4)
  7 iguanas
  3 orc wizards (D:7)
  7 adders
  A shadow imp (D:7)
  3 white imps
  3 ufetubi
  A worm (D:4)
  3 dart slugs
  39 orcs
  5 ball pythons
  4 bats
  3 endoplasms
  3 giant cockroaches
  7 hobgoblins
  3 jackals (D:3)
  2 quokkas
  2 frilled lizards
  8 goblins
  14 kobolds
  7 rats
179 creatures vanquished.

Vanquished Creatures (others)
  2 killer bees
  An orc wizard (D:7)
3 creatures vanquished.

Grand Total: 182 creatures vanquished

Table legend:
 A = Non-vault XP
 B = Vault XP
 C = Vault XP percentage of total XP
 D = Non-vault monster count
 E = Vault monster count
 F = Vault count percentage of total count
                 A         B        C        D         E       F
            +---------+---------+-------+---------+---------+-------
      Total |    4499 |    3266 |  42.1 |     132 |      49 |  27.1
            +---------+---------+-------+---------+---------+-------
        D:1 |      22 |       8 |  26.7 |      15 |       3 |  16.7
        D:2 |      55 |       4 |   6.8 |      17 |       2 |  10.5
        D:3 |      50 |       0 |   0.0 |      15 |       0 |   0.0
        D:4 |     143 |     136 |  48.7 |      11 |       2 |  15.4
        D:5 |     282 |     308 |  52.2 |      10 |       2 |  16.7
        D:6 |     304 |       0 |   0.0 |      10 |       0 |   0.0
        D:7 |    1852 |    1070 |  36.6 |      26 |       6 |  18.8
        D:8 |    1429 |    1698 |  54.3 |      26 |      33 |  55.9
        D:9 |     362 |      42 |  10.4 |       2 |       1 |  33.3
            +---------+---------+-------+---------+---------+-------

Skill      XL: |  1  2  3  4  5  6  7  8  9 10 |
---------------+-------------------------------+-----
Dodging        | 2 3 4 5 6 |  6.6
Unarmed Combat | 3 4 5 6 7 9 10 | 10.0
Fighting       | 3 4 6 7 |  7.8
Shapeshifting  | 4 5 6 |  6.6

Action                     |  1- 3 |  4- 6 |  7- 9 | 10-12 || total
---------------------------+-------+-------+-------+-------++-------
  Melee: Short sword       |    77 |    91 |   259 |       ||   427
         Unarmed           |     5 |    13 |     3 |   152 ||   173
         Tailslap          |    13 |    17 |    48 |    18 ||    96
         Punch             |     1 |     1 |    20 |     6 ||    28
         Maw               |       |       |       |    11 ||    11
 Invoke: Sacrifice Stealth |       |     1 |       |       ||     1
         Sacrifice Love    |       |       |     1 |       ||     1
Ability: Breathe Fire      |       |       |     4 |     3 ||     7
    Use: Scroll            |     3 |     6 |     6 |     2 ||    17
   Stab: Sleeping          |     5 |     1 |       |       ||     6
         Distracted        |       |       |       |     1 ||     1
 Armour: Skin              |    16 |    18 |   111 |    35 ||   180
  Dodge: Dodged            |    55 |    68 |   371 |   217 ||   711
   Form: Maw               |       |       |       |     1 ||     1

Illustrated notes

Table legend:
 A = Kills in this place as a percentage of kills in the entire game.
 B = Kills by you in this place as a percentage of kills by you in the entire game.
 C = Kills by friends in this place as a percentage of kills by friends in the entire game.
 D = Other kills in this place as a percentage of other kills in the entire game.
 E = Experience gained in this place as a percentage of experience gained in the entire game.
 F = Experience gained in this place divided by the number of levels of this place that you have seen.
                   A       B       C       D       E      F
               +-------+-------+-------+-------+-------+----------------------
         Total | 100.0 | 100.0 |   N/A | 100.0 | 100.0 | 776.5
       Dungeon | 100.0 | 100.0 |   N/A | 100.0 | 100.0 | 862.8
               +-------+-------+-------+-------+-------+----------------------

Table legend: (Time is in decaauts)
 A = Elapsed time spent in this place.
 B = Non-inter-level travel time spent in this place.
 C = Inter-level travel time spent in this place.
 D = Time resting spent in this place.
 E = Time spent auto-exploring this place.
 F = Levels seen in this place.
 G = Mean time per level.
                   A        B        C        D        E       F      G
               +--------+--------+--------+--------+--------+-----+--------+
         Total |   7949 |   7653 |    296 |    148 |   6331 |  10 |  794.9 |
       Dungeon |   7874 |   7651 |    223 |    148 |   6331 |   9 |  874.9 |
        Temple |     74 |      1 |     73 |      0 |      0 |   1 |   74.0 |
               +--------+--------+--------+--------+--------+-----+--------+

Top non-repeatable levels by time:
     D:5: 1251 daAuts
     D:2: 1120 daAuts
     D:6: 1040 daAuts
     D:7: 1004 daAuts
     D:8: 951 daAuts
     D:3: 924 daAuts
     D:4: 870 daAuts
     D:1: 662 daAuts
  Temple: 74 daAuts
     D:9: 49 daAuts
